 Dungeon Crawl Stone Soup version 0.20.1-2-g1830e616b0 (webtiles) character file.

3241 Kziril the Fighter (level 9, -1/74 HPs)
             Began as a Demonspawn Chaos Knight on May 28, 2019.
             Slain by a cyclops (16 damage)
             ... on level 8 of the Dungeon.
             The game lasted 00:59:34 (7001 turns).

Kziril the Fighter (Demonspawn Chaos Knight)        Turns: 7001, Time: 00:59:34

Health: -1/74      AC: 16    Str: 15      XL:     9   Next: 67%
Magic:  9/9        EV:  7    Int: 15      God:    Xom [*.....]
Gold:   449        SH:  0    Dex: 12 (13) Spells: 8/8 levels left

rFire    + + +     SeeInvis +   V - +3 quarterstaff (chaos)
rCold    + . .     Gourm    .   (shield currently unavailable)
rNeg     . . .     Faith    .   i - +0 plate armour
rPois    .         Spirit   .   (helmet restricted)
rElec    .         Reflect  .   y - scarf {rC+ rF+}
rCorr    .         Harm     +   (no gloves)
MR       .....                  (no boots)
Stlth    ..........             x - amulet of harm
Regen    0.3/turn               s - +5 ring of intelligence
MPRegen  0.2/turn               (no ring)

@: no status effects
A: beak, talons 1, iridescent scales 2, see invisible, dopey 2, fire resistance
2, spiny 1
a: Renounce Religion


You were on level 8 of the Dungeon.
You worshipped Xom.
You were a special plaything of Xom.
You were not hungry.

You visited 2 branches of the dungeon, and saw 9 of its levels.

You collected 449 gold pieces.

Inventory:

Hand Weapons
 M - a +1 halberd of venom
 T - a +3 flail
 V - a +3 quarterstaff of chaos (weapon)
Missiles
 t - 4 tomahawks (quivered)
Armour
 h - a scarf of cloud immunity
 i - a +0 plate armour (worn)
 y - a scarf of resistance (worn)
Magical Staves
 u - an uncursed staff of conjuration {unknown}
Jewellery
 s - a +5 ring of intelligence (left hand)
 x - an amulet of harm (around neck)
 P - an uncursed ring of fire
Wands
 r - a wand of enslavement (7/24)
 B - a wand of confusion (0/48)
 C - a wand of enslavement (7/24)
 D - a wand of polymorph (0/24)
 O - a wand of random effects (22/48)
 R - a wand of polymorph (15/24)
 U - a wand of random effects (31/48)
 W - a wand of random effects (19/48)
 Z - a wand of acid (8/15)
Scrolls
 a - a scroll of fog {unknown}
 e - 3 scrolls of remove curse
 g - 3 scrolls of teleportation
 j - 3 scrolls of blinking {unknown}
 o - 4 scrolls of identify
 q - a scroll of enchant weapon {unknown}
 z - 2 scrolls of immolation {unknown}
 A - a scroll of recharging {unknown}
 E - a scroll of enchant armour {unknown}
 G - 2 scrolls of amnesia {unknown}
 H - 2 scrolls of magic mapping {unknown}
 I - a scroll of acquirement {unknown}
 N - a scroll of fear {unknown}
Potions
 b - 4 potions of mutation {unknown}
 d - 2 potions of heal wounds {unknown}
 f - 5 potions of lignification {unknown}
 k - a potion of brilliance {unknown}
 l - 4 potions of might {unknown}
 m - 2 potions of haste {unknown}
 v - a potion of ambrosia {unknown}
 w - 2 potions of resistance {unknown}
 J - a potion of curing {unknown}
 K - 4 potions of agility {unknown}
 L - a potion of flight {unknown}
 S - 3 potions of degeneration {unknown}
 X - 2 potions of cancellation {unknown}
Books
 Q - a book of Cantrips

   Spells                             Type                      Level
   a - Confusing Touch                Hexes                        1
   b - Animate Skeleton               Necromancy                   1
   c - Summon Small Mammal            Summoning                    1
   d - Apportation                    Translocation                1
Comestibles
 c - 5 bread rations
 n - 5 fruits
 p - a meat ration
 F - a royal jelly
 Y - 5 chunks of flesh


   Skills:
 * Level 8.1 Fighting
   Level 4.3 Long Blades
 + Level 4.9 Armour
 * Level 7.2 Dodging
 + Level 5.2 Stealth


You had 8 spell levels left.
You didn't know any spells.

Dungeon Overview and Level Annotations

Branches:
Dungeon (8/15)             Temple (1/1) D:7
   Lair: D:8-11

Altars:
Ashenzari
Cheibriados
Dithmenos
Elyvilon
Fedhas
Gozag
Hepliaklqana
Kikubaaqudgha
Makhleb
Nemelex Xobeh
Okawaru
Qazlal
Ru
Sif Muna
Trog
Uskayaw
Vehumet
Xom
Yredelemnul
Zin
The Shining One


Innate Abilities, Weirdness & Mutations

You have sharp toenails.
You are mostly covered in iridescent scales. (AC +4)
Your flesh is very heat resistant. (rF++)
You are partially covered in sharp spines.
You have a beak for a mouth.
You have supernaturally acute eyesight. (SInv)
You are very dopey. (Int -4)


Message History

The cyclops easily resists.
Evoking this partially-identified wand wasted a few charges.
You hit the cyclops but do no damage. The cyclops hits you.
You hit the cyclops but do no damage. You claw the cyclops, but do no damage.
You peck the cyclops, but do no damage. You hit the cyclops.
You freeze the cyclops. You claw the cyclops. You peck the cyclops.
The cyclops is moderately wounded.
The cyclops is struck by your spines. The cyclops barely misses you.
Your plate armour prevents you from hitting the cyclops.
You claw the cyclops, but do no damage.
The cyclops is heavily wounded.
The cyclops hits you!
* * * LOW HITPOINT WARNING * * *
Aiming: Polymorph (will waste charges)
Press: ? - help, Shift-Dir - straight line, f/p - cyclops
Aim: a cyclops (heavily wounded, chance to defeat MR: 28%) Nothing appears to happen.
The cyclops hits you!
You die...
Xom thinks this is hilarious!

#.......#
#.#####.#.####
#.......#
#<...........#
####.####
######.##.##.#
#.####
#####........
#....#
#.....####..#
####.#
#...........#
#)#
#........#..#
#(#
#.....##.#..#
#@#
#...[.......#
#C#
######.......
#.# . .##.#
#.# .#.##.#
#.# #..... #.#
#.####.# .#.
#......# # #
........
##.#####


You could see a cyclops.

Vanquished Creatures
  A queen bee (D:7)
  A hippogriff (D:7)
  Sigmund (D:5)
  2 humans (D:8)
  The ghost of Trettiofem the Cudgeler, an amateur MiGl (D:4)
  A hungry ghost (D:8)
  3 sky beasts
  An ice beast (D:8)
  2 ogres
  The ghost of Chudej the Magician, an amateur DECj (D:3)
  5 bullfrogs
  A bullfrog (shapeshifter) (D:7)
  2 howler monkeys (D:5)
  4 crimson imps
  A quasit (D:8)
  A bullfrog skeleton (D:6)
  An orc priest (D:8)
  A jelly (D:5)
  2 orc wizards
  Crazy Yiuf (D:7)
  2 iguanas
  5 worker ants
  A hound skeleton (D:7)
  A worker ant zombie (D:5)
  4 gnolls (D:7)
  6 adders
  A shadow imp (D:7)
  An ufetubus (D:6)
  3 oozes
  3 worms
  A dart slug (D:1)
  6 leopard geckos
  14 orcs
  A ball python (D:1)
  6 giant cockroaches
  5 goblins
  6 hobgoblins
  2 jackals (D:5)
  3 quokkas
  13 bats
  4 frilled lizards
  A jackal zombie (D:7)
  5 kobolds
  A quokka zombie (D:7)
  7 rats
135 creatures vanquished.

Vanquished Creatures (collateral kills)
  A two-headed ogre (D:8)
1 creature vanquished.

Vanquished Creatures (others)
  An ogre (D:5)
  An orc wizard (D:5)
  2 adders
4 creatures vanquished.

Grand Total: 140 creatures vanquished

Notes
Turn   | Place    | Note
-------+----------+-------------------------------------------
     0 | D:1      | Kziril the Demonspawn Chaos Knight began the quest for the Orb.
     0 | D:1      | Reached XP level 1. HP: 18/18 MP: 1/1
   182 | D:1      | Reached skill level 1 in Dodging
   235 | D:1      | Gained mutation: You are partially covered in iridescent scales. (AC +2) [demonic ancestry]
   235 | D:1      | Reached XP level 2. HP: 20/24 MP: 2/2
   324 | D:1      | XOM: divination: detect items
   820 | D:2      | Gained mutation: You are mostly covered in iridescent scales. (AC +4) [demonic ancestry]
   820 | D:2      | Reached XP level 3. HP: 29/29 MP: 3/3
   863 | D:2      | XOM: god gift: 34 gold pieces
   874 | D:2      | XOM: harmless Air miscast
   962 | D:2      | XOM: mild Tloc miscast
  1077 | D:2      | Reached skill level 1 in Stealth
  1079 | D:2      | XOM: noise
  1325 | D:2      | XOM: scenery: create altars
  1378 | D:2      | XOM: 2-stop teleportation journey
  1583 | D:2      | XOM: harmless Ice miscast
  1744 | D:3      | Gained mutation: Your flesh is heat resistant. (rF+) [demonic ancestry]
  1744 | D:3      | Reached XP level 4. HP: 35/37 MP: 4/4
  2134 | D:3      | XOM: harmless Ice miscast
  2152 | D:3      | XOM: harmless Tmut miscast
  2160 | D:3      | Noticed Chudej's ghost (amateur DECj)
  2172 | D:3      | XOM: harmless Necr miscast
  2187 | D:3      | Killed Chudej's ghost
  2187 | D:3      | Reached skill level 4 in Fighting
  2187 | D:3      | Gained mutation: You are partially covered in sharp spines. [demonic ancestry]
  2187 | D:3      | Reached XP level 5. HP: 36/42 MP: 5/5
  2447 | D:3      | XOM: 5-stop teleportation journey
  2466 | D:3      | XOM: give mutation
  2466 | D:3      | Gained mutation: Your flesh is very heat resistant. (rF++) [Xom's grace]
  2814 | D:4      | Noticed Eustachio
  2840 | D:4      | Noticed Eustachio
  2840 | D:4      | Eustachio changed into Eustachio the ooze
  2840 | D:4      | XOM: polymorph Eustachio -> Eustachio the ooze
  2854 | D:4      | Killed Eustachio the ooze
  3154 | D:4      | Noticed Trettiofem's ghost (amateur MiGl)
  3155 | D:4      | XOM: fog
  3157 | D:4      | XOM: confuse monster(s)
  3159 | D:4      | XOM: summons 2 friendly demons
  3198 | D:4      | Killed Trettiofem's ghost
  3198 | D:4      | Gained mutation: You have sharp toenails. [demonic ancestry]
  3198 | D:4      | Reached XP level 6. HP: 49/49 MP: 6/6
  3751 | D:4      | XOM: confuse monster(s)
  3949 | D:4      | XOM: give mutations
  3949 | D:4      | Gained mutation: You have supernaturally acute eyesight. (SInv) [Xom's grace]
  3949 | D:4      | Gained mutation: You are resistant to hostile enchantments. (MR+) [Xom's grace]
  3949 | D:4      | Gained mutation: You have a beak for a mouth. [Xom's grace]
  3968 | D:5      | Entered Level 5 of the Dungeon
  3972 | D:5      | Reached skill level 5 in Fighting
  3988 | D:5      | Reached XP level 7. HP: 53/56 MP: 7/7
  4079 | D:5      | XOM: give mutations
  4079 | D:5      | Gained mutation: You are dopey. (Int -2) [Xom's mischief]
  4079 | D:5      | Lost mutation: You are resistant to hostile enchantments. (MR+) [Xom's mischief]
  4079 | D:5      | Gained mutation: You are very dopey. (Int -4) [Xom's mischief]
  4087 | D:5      | Noticed Sigmund
  4097 | D:5      | Killed Sigmund
  4388 | D:5      | XOM: god gift: ring mail {god gift}
  4398 | D:5      | XOM: divine lightning
  4737 | D:5      | XOM: 1-stop teleportation journey
  4754 | D:6      | XOM: polymorph shadow imp -> ufetubus
  4860 | D:6      | XOM: divination: magic mapping
  4925 | D:6      | Reached XP level 8. HP: 64/64 MP: 8/8
  4945 | D:6      | Reached skill level 5 in Dodging
  5047 | D:6      | XOM: enchant monster (bad)
  5050 | D:6      | XOM: cast spell 'Alistair's Intoxication'
  5056 | D:6      | Reached skill level 6 in Fighting
  5578 | D:7      | Found a staircase to the Ecumenical Temple.
  5583 | Temple   | Entered the Ecumenical Temple
  5782 | D:7      | XOM: polymorph centaur -> bullfrog
  5851 | D:7      | XOM: harmless Erth miscast
  5987 | D:7      | Found a runed door.
  6145 | D:7      | Noticed a hippogriff
  6150 | D:7      | Noticed a queen bee
  6150 | D:7      | a hippogriff changed into a queen bee
  6153 | D:7      | XOM: harmless Tloc miscast
  6154 | D:7      | Killed a queen bee
  6326 | D:7      | Noticed a hippogriff
  6334 | D:7      | Killed a hippogriff
  6334 | D:7      | Reached skill level 7 in Fighting
  6334 | D:7      | Reached XP level 9. HP: 56/72 MP: 9/9
  6587 | D:7      | Noticed Crazy Yiuf
  6590 | D:7      | Killed Crazy Yiuf
  6730 | D:8      | Found an iron altar of Okawaru.
  6742 | D:8      | XOM: summons friendly crimson imp
  6879 | D:8      | Noticed a two-headed ogre
  6879 | D:8      | XOM: enchant monster (good)
  6890 | D:8      | Reached skill level 5 in Stealth
  6893 | D:8      | XOM: summons 3 friendly demons
  6899 | D:8      | Killed a two-headed ogre
  6899 | D:8      | Reached skill level 8 in Fighting
  6991 | D:8      | Noticed a cyclops
  7001 | D:8      | Slain by a cyclops

Skill      XL: |  1  2  3  4  5  6  7  8  9 |
---------------+----------------------------+-----
Armour         | 2 3 4 |  4.9
Dodging        | 1 2 3 4 6 7 |  7.2
Stealth        | 1 2 3 4 5 |  5.2
Fighting       | 4 5 7 8 |  8.1
Long Blades    | 3 4 |  4.3

Action                   |  1- 3 |  4- 6 |  7- 9 || total
-------------------------+-------+-------+-------++-------
Melee: Falchion          |   152 |    98 |       ||   250
       Unarmed           |       |    12 |       ||    12
       Long sword        |       |    30 |    52 ||    82
       Kick              |       |     7 |    46 ||    53
       Peck              |       |     1 |    29 ||    30
       Halberd           |       |       |    57 ||    57
       Quarterstaff      |       |       |    39 ||    39
Evoke: Wand              |       |     4 |     7 ||    11
  Use: Scroll            |       |     3 |       ||     3
 Stab: Confused          |     1 |     2 |       ||     3
  Eat: Chunk             |     3 |     4 |     6 ||    13
       Fruit             |       |     3 |       ||     3
       Meat ration       |       |       |     1 ||     1
Armor: Plate armour      |   133 |   108 |   106 ||   347
       Leather armour    |     1 |       |       ||     1
       Ring mail         |     1 |       |       ||     1
       Skin              |       |     5 |       ||     5
Dodge: Dodged            |    28 |    38 |    42 ||   108
       Rpst.: Falchion   |     9 |     4 |       ||    13
       Long sword        |       |     1 |     2 ||     3
